 Dungeon Crawl Stone Soup version 0.29.1-12-g30fa7ad0bf (webtiles) character file.

Game seed: 17977668128832539780

68705 sweetbreads the Spry (level 14, -1/79 HPs)
             Began as a Spriggan Enchanter on Jan 8, 2023.
             Was an Initiate of Gozag.
             Killed by divine providence
             ... invoked by a smoke demon
              (13 damage)
             ... in a Gauntlet.
             The game lasted 01:59:32 (23676 turns).

sweetbreads the Spry (Spriggan Enchanter)          Turns: 23676, Time: 01:59:35

Health: -1/79      AC: 12    Str:  4    XL:     14   Next: 87%
Magic:  24/29      EV: 29    Int: 20    God:    Gozag
Gold:   5972       SH:  5    Dex: 17    Spells: 25/33 levels left

rFire   . . .      SeeInvis +   b - +1 short sword (holy)
rCold   . . .      Faith    .   A - orb {guile}
rNeg    + . .      Spirit   .   J - +1 robe {rN+}
rPois   .          Reflect  +   k - +0 hat {Will+}
rElec   .          Harm     .   Y - +0 cloak
rCorr   .          Rampage  .   (gloves unavailable)
Will    +....      NoTele   +   (boots unavailable)
Stlth   +++++.....              f - amulet of reflection
HPRegen 0.23/turn               x - +4 ring of protection
MPRegen 0.21/turn               t - +4 ring of protection

@: gold aura, very quick
A: very small, no large weapons, unfitting armour, see invisible, speed 3
a: Renounce Religion, Potion Petition, Call Merchant, Bribe Branch


You were in a Gauntlet.
You worshipped Gozag.
Gozag was greatly pleased with you.
You visited 4 branches of the dungeon, and saw 20 of its levels.
You also visited: Gauntlet and Ice Cave.

You collected 6158 gold pieces.
You spent 96 gold pieces at shops.
You paid 90 gold pieces to Gozag.

Inventory:

Hand Weapons
 a - a +3 dagger of venom
 b - a +1 short sword of holy wrath (weapon)
 c - a +0 dagger of flaming
 i - a +1 dagger of draining
Missiles
 d - a throwing net
 y - 6 curare-tipped darts
 z - 18 poisoned darts (quivered)
Armour
 k - a +0 hat of willpower (worn)
 A - an orb of guile (worn)
 B - a +2 hat of stealth
 J - a +1 robe of positive energy (worn)
 Y - a +0 cloak (worn)
Jewellery
 f - an amulet of reflection (around neck)
 l - a ring of positive energy
 p - a ring of willpower
 t - a +4 ring of protection (right hand)
 x - a +4 ring of protection (left hand)
Wands
 g - a wand of digging (4)
 s - a wand of flame (11)
 G - a wand of charming (33)
 H - a wand of mindburst (21)
 P - a wand of acid (10)
 V - a wand of polymorph (7)
Scrolls
 h - 3 scrolls of butterflies
 j - a scroll of enchant armour
 q - a scroll of magic mapping
 r - 8 scrolls of teleportation
 u - 2 scrolls of identify
 F - 2 scrolls of brand weapon
 K - 2 scrolls of enchant weapon
 O - a scroll of summoning
 X - 2 scrolls of fear
 Z - 2 scrolls of amnesia
Potions
 e - 3 potions of might
 o - 2 potions of resistance
 w - 6 potions of heal wounds
 C - 4 potions of magic
 L - 2 potions of invisibility
 M - a potion of berserk rage
 S - 3 potions of curing
 T - 2 potions of brilliance
 U - a potion of haste


   Skills:
 * Level 11.0 Fighting
 - Level 10.0 Short Blades
 - Level 1.1 Staves
 * Level 16.8 Dodging
 - Level 10.0 Stealth
 - Level 1.1 Shields
 - Level 10.0 Spellcasting
 - Level 1.2 Conjurations
 - Level 12.0 Hexes
 - Level 1.3 Summonings
 - Level 1.2 Necromancy
 * Level 4.1 Translocations
 * Level 3.5 Transmutations
 - Level 1.1 Fire Magic
 - Level 1.5 Air Magic
 - Level 1.6 Earth Magic
 - Level 1.4 Poison Magic
 - Level 1.4 Invocations
 * Level 11.1 Evocations


You had 25 spell levels left.
You knew the following spells:

 Your Spells              Type           Power      Damage    Failure   Level
a - Ensorcelled Hibernat  Hex/Ice        68%        N/A       1%          2
b - Confusing Touch       Hex            55%        N/A       1%          3
c - Tukima's Dance        Hex            55%        N/A       1%          3

Your spell library contained the following spells:

 Spells                   Type           Power      Damage    Failure   Level
 Dazzling Flash           Conj/Hex       72%        N/A       1%          3
 Inner Flame              Hex/Fire       36%        N/A       1%          3
 Cause Fear               Hex            27%        N/A       1%          4
 Freeze                   Ice            40%        1d6       7%          1
 Scorch                   Fire           28%        2d6       7%          2
 Frozen Ramparts          Ice            20%        1d4       21%         3
 Animate Armour           Summ/Erth      30%        N/A       36%         4
 Flame Wave               Conj/Fire      14%        2d6       38%         4
 Blade Hands              Tmut           12%        N/A       41%         5
 Hailstorm                Conj/Ice       12%        3d5       47%         4
 Borgnjor's Vile Clutch   Necr/Erth      7%         N/A       71%         5
 Discord                  Hex            27%        N/A       97%         8
 Death Channel            Necr           7%         N/A       99%         6
 Iron Shot                Conj/Erth      7%         9d2       99%         6
 Summon Cactus Giant      Summ           7%         N/A       99%         6
 Chain Lightning          Conj/Air       7%         3d10      100%        9
 Fire Storm               Conj/Fire      7%         8d2       100%        9
 Shatter                  Erth           8%         3d10*     100%        9
 Animate Dead             Necr           Unusable   N/A       N/A         4

Dungeon Overview and Level Annotations

Branches:
Dungeon (12/15)            Temple (1/1) D:5            Lair (5/5) D:8
  Swamp (0/4) Lair:3        Snake (0/4) Lair:3        Slime (0/5) Lair:4
    Orc (2/2) D:12            Elf (0/3) Orc:2         IceCv (visited)
Gauntlet (1/1)

Altars:
Ashenzari
Cheibriados
Dithmenos
Elyvilon
Fedhas
Gozag
Hepliaklqana
Kikubaaqudgha
Makhleb
Nemelex Xobeh
Okawaru
Qazlal
Ru
Sif Muna
Trog
Uskayaw
Vehumet
Wu Jian
Xom
Yredelemnul
Zin
The Shining One
Jiyva

Shops:
D:5 (   D:8 *

Annotations:
D:7 2 transporters, soul19's ghost, novice DsFE Gauntlet 7 transporters, 15 runed translucent doors, exclusion: 2 oklob plants


Innate Abilities, Weirdness & Mutations

You are very small and have problems with some larger weapons.
You are too small for most types of armour.
You have supernaturally acute eyesight. (SInv)
You cover ground extremely quickly. (Speed+++)


Message History

The red devil hits you but does no damage.
The crimson imp completely misses you.
You catch the helpless red devil completely off-guard!
You impale the red devil!!
The red devil is almost dead.
You are engulfed in a cloud of scalding steam.
You hit the red devil but do no damage.
The red devil is almost dead.
You are engulfed in a cloud of scalding steam.
* * * LOW HITPOINT WARNING * * *
The crimson imp completely misses you.
The red devil hits the crimson imp with a +0 trident!!
The crimson imp is killed!
The crimson imp completely misses you.
You hit the red devil but do no damage.
The red devil is almost dead.
You are no longer corroded.
Unknown command.
Your +3 dagger of venom stops dripping with poison.
Your +1 short sword of holy wrath softly glows with a divine radiance!
b - a +1 short sword of holy wrath (weapon)
The crimson imp misses you. The crimson imp completely misses you.
The barbed spikes dig painfully into your body as you move.
* * * LOW HITPOINT WARNING * * *
You hit the red devil but do no damage.
The red devil is almost dead.
You carefully extract the barbed spikes from your body.
The smoke demon closely misses you. The smoke demon completely misses you.
The smoke demon misses you. The red devil closely misses you.
The crimson imp completely misses you.
You hit the red devil but do no damage.
The red devil is almost dead.
You hit the red devil.
You kill the red devil!
The crimson imp barely misses you. The crimson imp hits you.
* * * LOW HITPOINT WARNING * * *
The smoke demon gestures at you. Something smites you!
You die...
Your body crumbles into a pile of gold.

#8#.....#.©.#..§.≈.......
###...8.#...#...≈8≈......
#.....#.©.#....≈.......
###..###########...######
#8#..#.........#.8.#..+.©
###..#.........#...#.^+..
#..#.#######.###
###..##$#5#.#.##...#..+..
#8#..#..@5©....#©.©#..+..
###..#.#3#.#§#.#...#++#..
#..#.#######.#####..#++
###..#.........#...#....P
#8#..#..).©.$..#.8.#D.=.©
###..###########...######
#......................
#≈.....................
#######################


You could see a smoke demon and 2 crimson imps.

Vanquished Creatures
  Gastronok (Lair:1)
  A frost giant (IceCv)
  3 boulder beetles
  3 hydras
  2 catoblepae (Lair:5)
  A deep troll shaman (Lair:5)
  2 two-headed ogres
  13 death yaks
  Sonja (Lair:1)
  3 skeletal warriors (D:11)
  Amaemon (D:10)
  A lindwurm (Lair:5)
  An ugly thing (D:12)
  An orc sorcerer (Orc:1)
  2 oklob plants
  2 manticores (D:12)
  16 elephants
  3 black mambas
  10 cane toads
  A torpor snail (Lair:4)
  An orange demon (D:10)
  A gargoyle (D:10)
  9 rime drakes
  An unseen horror (D:12)
  8 komodo dragons
  An efreet (D:11)
  A kobold demonologist (D:12)
  A red devil (Gauntlet)
  17 polar bears
  6 trolls
  11 blink frogs (Lair:1)
  3 hornets
  3 dream sheep (Lair:4)
  3 slime creatures (D:12)
  5 flying skulls (Gauntlet)
  8 wyverns
  5 basilisks
  56 yaks
  2 shadows
  A wraith (D:10)
  4 steam dragons
  4 vampire mosquitoes (D:12)
  A warg (D:12)
  3 nagas (Lair:3)
  Duvessa (D:6)
  4 acid dragons
  12 water moccasins
  16 orc warriors
  3 black bears
  An ice beast (D:5)
  2 ogres
  24 wolves
  5 centaurs
  A phantom (D:6)
  2 kobold brigands (D:9)
  13 bullfrogs
  3 necrophages
  4 scorpions
  10 killer bees
  4 howler monkeys
  2 crimson imps (Gauntlet)
  A gnoll bouda (D:9)
  4 hounds
  17 orc priests
  4 iguanas
  12 orc wizards
  4 gnolls (D:9)
  8 adders
  2 shadow imps
  2 white imps
  67 orcs
  8 endoplasms
  2 giant cockroaches
  7 goblins
  11 hobgoblins
  4 jackals
  3 quokkas
  5 ball pythons
  A bat (D:2)
  2 frilled lizards
  15 kobolds
  5 rats
514 creatures vanquished.

Vanquished Creatures (collateral kills)
  2 two-headed ogres
  2 orc warriors
  Dowan (D:6)
  An orc wizard (D:11)
  2 orcs (Orc:2)
8 creatures vanquished.

Vanquished Creatures (others)
  A polar bear (IceCv)
  A dancing weapon (Orc:2)
  43 fungi
  61 plants
106 creatures vanquished.

Grand Total: 628 creatures vanquished

Notes
Turn   | Place    | Note
-------+----------+-------------------------------------------
     0 | D:1      | sweetbreads the Spriggan Enchanter began the quest for the
                  | Orb.
     0 | D:1      | Reached XP level 1. HP: 9/9 MP: 5/5
   351 | D:1      | Reached XP level 2. HP: 13/13 MP: 6/6
   354 | D:1      | Learned a level 2 spell: Ensorcelled Hibernation
   634 | D:1      | Reached skill level 3 in Dodging
  1300 | D:2      | Reached skill level 5 in Stealth
  1300 | D:2      | Reached XP level 3. HP: 5/16 MP: 2/8
  1304 | D:2      | Learned a level 3 spell: Confusing Touch
  1308 | D:2      | Learned a level 3 spell: Tukima's Dance
  1958 | D:3      | Reached XP level 4. HP: 19/21 MP: 4/9
  2042 | D:2      | Found a faded altar of an unknown god.
  2628 | D:3      | Noticed a scorpion
  2636 | D:3      | Killed a scorpion
  2637 | D:3      | Reached skill level 4 in Dodging
  2637 | D:3      | Reached XP level 5. HP: 24/24 MP: 10/10
  2807 | D:4      | Noticed an ogre
  2966 | D:4      | Reached skill level 5 in Hexes
  2990 | D:4      | Reached XP level 6. HP: 28/28 MP: 11/11
  3038 | D:5      | Entered Level 5 of the Dungeon
  3071 | D:5      | Found a staircase to the Ecumenical Temple.
  3075 | Temple   | Entered the Ecumenical Temple
  3075 | Temple   | Noticed a hell beast
  3075 | Temple   | Noticed a green death
  3075 | Temple   | Noticed a Tzitzimitl
  3076 | Temple   | Noticed Ugryenk the pandemonium lord
  3076 | Temple   | Noticed Seehouv the pandemonium lord
  3076 | Temple   | Noticed an Ice Fiend
  3076 | Temple   | Noticed Gad Ulif the pandemonium lord
  3078 | Temple   | Noticed an Executioner
  3091 | Temple   | Noticed Ydompyeng the pandemonium lord
  3132 | Temple   | Noticed a shadow demon
  3132 | Temple   | Noticed Jyq Jal the pandemonium lord
  3133 | Temple   | Noticed a soul eater
  3150 | Temple   | Noticed Laofryni the pandemonium lord
  3195 | Temple   | Became a worshipper of Gozag Ym Sagoz the Greedy
  3227 | D:5      | Found a glowing golden altar of the Shining One.
  3786 | D:5      | Found Urphunua's Weapon Shoppe.
  3903 | D:5      | Reached XP level 7. HP: 32/32 MP: 12/12
  3932 | D:6      | Found a hide-covered altar of Uskayaw.
  4606 | D:6      | Reached skill level 10 in Stealth
  4643 | D:6      | Reached skill level 5 in Short Blades
  4643 | D:6      | Reached skill level 1 in Evocations
  4886 | D:7      | Reached XP level 8. HP: 36/36 MP: 10/13
  4962 | D:7      | Found a stormy altar of Qazlal.
  5079 | D:6      | Found an ancient bone altar of Kikubaaqudgha.
  5239 | D:6      | Noticed Duvessa
  5242 | D:6      | Noticed Dowan
  5246 | D:6      | Killed Duvessa
  5319 | D:6      | Killed Dowan
  5402 | D:6      | Identified the +1 leather armour of a Labyrinth {Dex+4}
  5873 | D:7      | Noticed a hornet
  5877 | D:7      | Killed a hornet
  5925 | D:7      | Reached XP level 9. HP: 30/39 MP: 11/14
  5981 | D:7      | Reached skill level 10 in Hexes
  6252 | D:7      | Found a transporter.
  6256 | D:7      | Found a transporter.
  6258 | D:7      | Noticed soul19's ghost (novice DsFE)
  6630 | D:8      | Found Ipachaorph's Assorted Antiques.
  6633 | D:8      | Bought 2 viscous orange potions for 39 gold pieces
  6633 | D:8      | Bought a yellow potion for 19 gold pieces
  6633 | D:8      | Bought a fuming silvery potion for 19 gold pieces
  6633 | D:8      | Bought a viscous orange potion for 19 gold pieces
  6771 | D:8      | Reached skill level 1 in Fighting
  6958 | D:7      | Reached skill level 5 in Dodging
  7247 | D:8      | Reached skill level 6 in Dodging
  7451 | D:8      | Found a staircase to the Lair.
  7493 | D:8      | Noticed a two-headed ogre
  7500 | D:8      | Killed a two-headed ogre
  7501 | D:8      | Reached skill level 7 in Dodging
  7501 | D:8      | Reached XP level 10. HP: 49/49 MP: 15/15
  7518 | D:8      | Found a broken altar of Ashenzari.
  7605 | D:8      | Found a radiant altar of Vehumet.
  8700 | D:9      | Found an iron altar of Okawaru.
  8723 | D:9      | Reached skill level 8 in Dodging
  8945 | D:9      | Reached skill level 5 in Spellcasting
  9265 | D:9      | Found an ornate altar of the Wu Jian Council.
  9674 | D:9      | Reached skill level 5 in Fighting
 10022 | Lair:1   | Entered Level 1 of the Lair of Beasts
 10205 | Lair:1   | Reached XP level 11. HP: 56/56 MP: 17/21
 10674 | Lair:1   | Reached skill level 5 in Evocations
 10720 | Lair:1   | Noticed Sonja
 10742 | Lair:1   | Killed Sonja
 10773 | Lair:1   | Noticed Gastronok
 10813 | Lair:1   | Killed Gastronok
 11064 | Lair:1   | Reached skill level 10 in Short Blades
 11622 | Lair:2   | Noticed a six-headed hydra
 11624 | Lair:2   | Killed a six-headed hydra
 11656 | Lair:2   | Reached skill level 9 in Dodging
 11656 | Lair:2   | Reached XP level 12. HP: 64/64 MP: 10/22
 11790 | Lair:2   | Reached skill level 10 in Dodging
 11937 | Lair:2   | Reached skill level 11 in Dodging
 12465 | Lair:2   | Reached skill level 12 in Dodging
 12481 | Lair:2   | Reached skill level 1 in Translocations
 12481 | Lair:2   | Reached skill level 1 in Earth Magic
 12730 | Lair:3   | Reached skill level 1 in Transmutations
 12734 | Lair:3   | Reached skill level 1 in Air Magic
 12737 | Lair:3   | Reached skill level 1 in Conjurations
 12737 | Lair:3   | Reached skill level 1 in Summonings
 12737 | Lair:3   | Reached skill level 1 in Poison Magic
 12737 | Lair:3   | Reached skill level 1 in Invocations
 12739 | Lair:3   | Reached skill level 1 in Necromancy
 12743 | Lair:3   | Reached skill level 1 in Staves
 12743 | Lair:3   | Reached skill level 1 in Fire Magic
 12745 | Lair:3   | Reached skill level 1 in Shields
 12905 | Lair:3   | Found a frozen archway.
 12919 | IceCv    | Entered an ice cave
 13030 | IceCv    | Noticed a death yak
 13030 | IceCv    | Noticed a death yak
 13030 | IceCv    | Noticed a death yak
 13043 | IceCv    | Killed a death yak
 13053 | IceCv    | Killed a death yak
 13062 | IceCv    | Killed a death yak
 13063 | IceCv    | Reached XP level 13. HP: 64/69 MP: 17/23
 14232 | IceCv    | Noticed a frost giant
 14375 | IceCv    | Reached skill level 13 in Dodging
 14639 | IceCv    | Killed a frost giant
 15155 | Lair:3   | Identified the +1 helmet of Oclas {Harm Int+5}
 15318 | Lair:3   | Found a staircase to the Snake Pit.
 15637 | Lair:3   | Found a staircase to the Swamp.
 16440 | Lair:4   | Reached skill level 10 in Spellcasting
 16636 | Lair:4   | Reached skill level 14 in Dodging
 17185 | Lair:4   | Found a viscous altar of Jiyva.
 17510 | Lair:4   | Found a staircase to the Slime Pits.
 17651 | Lair:5   | Entered Level 5 of the Lair of Beasts
 17858 | Lair:5   | Reached XP level 14. HP: 76/76 MP: 26/29
 18278 | Lair:5   | Reached skill level 10 in Fighting
 18278 | Lair:5   | Reached skill level 15 in Dodging
 18365 | Lair:5   | Reached skill level 10 in Evocations
 18535 | Lair:5   | Identified the +1 scale mail of Tuowkorch {+Inv}
 19173 | Lair:5   | Identified the +4 spear of Fedhas's Hope {antimagic, rF+
                  | rCorr}
 19492 | D:10     | Entered Level 10 of the Dungeon
 19782 | D:10     | Noticed Amaemon
 19816 | D:10     | Killed Amaemon
 20165 | D:10     | Found a basalt altar of Yredelemnul.
 20329 | D:10     | Found a burning altar of Makhleb.
 20593 | D:11     | Reached skill level 16 in Dodging
 20877 | D:11     | Identified the +8 scimitar of Uskayaw's Delight {venom, rN+
                  | Int+2}
 21173 | D:12     | Found a staircase to the Orcish Mines.
 22309 | Orc:1    | Entered Level 1 of the Orcish Mines
 23140 | Orc:2    | Entered Level 2 of the Orcish Mines
 23304 | Orc:2    | Found a gate leading to a gauntlet.
 23310 | Gauntlet | Entered a Gauntlet
 23310 | Gauntlet | Found a transporter.
 23310 | Gauntlet | Found a transporter.
 23310 | Gauntlet | Found a transporter.
 23340 | Gauntlet | Found a transporter.
 23354 | Gauntlet | Found a transporter.
 23371 | Gauntlet | Found a large runed translucent door.
 23372 | Gauntlet | Found a large runed translucent door.
 23373 | Gauntlet | Found a large runed translucent door.
 23373 | Gauntlet | Found a large runed translucent door.
 23374 | Gauntlet | Found a runed translucent gate.
 23375 | Gauntlet | Found a transporter.
 23375 | Gauntlet | Found a runed translucent gate.
 23376 | Gauntlet | Found a runed translucent gate.
 23377 | Gauntlet | Found a large runed translucent door.
 23377 | Gauntlet | Found a large runed translucent door.
 23378 | Gauntlet | Found a large runed translucent door.
 23379 | Gauntlet | Found a large runed translucent door.
 23381 | Gauntlet | Found a transporter.
 23389 | Gauntlet | Found a transporter.
 23406 | Gauntlet | Found a transporter.
 23414 | Gauntlet | Found a transporter.
 23431 | Gauntlet | Found a transporter.
 23447 | Gauntlet | Found a transporter.
 23559 | Gauntlet | Found a large runed translucent door.
 23559 | Gauntlet | Found a large runed translucent door.
 23560 | Gauntlet | Found a large runed translucent door.
 23560 | Gauntlet | Found a large runed translucent door.
 23676 | Gauntlet | Killed from afar by a smoke demon

Illustrated notes

Levels and vault maps discovered:
D:1:      heliophobic_arrival_enchanted_forest, layout_basic
D:2:      layout_basic, ebering_ecumenical_altar_box, minmay_pentomino_p2
D:3:      layout_basic
D:4:      layout_rooms
D:5:      layout_basic, amcnicky_altar_gilded, minmay_temple_entry_grid,
          serial_shops, nicolae_shop_bloodbath_and_beyond
D:6:      layout_gridville, kennysheep_little_box,
          nicolae_uskayaw_murder_on_the_dancefloor, uniq_duvessa
D:7:      layout_basic, nicolae_qazlal_scattered_showers, serial_corexii_hall,
          corexii_hall_statues_deadend, corexii_hall_statues_x,
          gammafunk_ghost_hive
D:8:      layout_loops_corners, ashenzari_altar_1, nicolae_vehumet_altar_sigil,
          due_lair_maze_entry_diamond, serial_shops, shop
D:9:      layout_irregular_city, kennysheep_mini_moat,
          mainiacjoe_overflow_catwalk
D:10:     layout_gridville, kennysheep_mini, lightli_temple_of_fire,
          nicolae_eternal_life, kennysheep_another_room, uniq_amaemon
D:11:     minmay_evil_eye, layout_rooms
D:12:     layout_roguey, david_orc_3
Temple:   nicolae_temple_panitentiary
Lair:1:   layout_layer_cave, grunt_megastairs_5, uniq_gastronok, uniq_sonja
Lair:2:   layout_cellular_growth, nicolae_quartered_pool_little,
          grunt_megastairs_1, infiniplex_staircase_pool_2, lemuel_fruit_tree,
          serial_bayou_shore_b
Lair:3:   layout_cellular_growth, swamp_mist,
          minmay_snake_entry_guardpost_small, portal_ice_cave_rime,
          serial_bayou_pond_b
Lair:4:   layout_small_grid, minmay_slime_entry_oklob_enclosed
Lair:5:   grunt_lair_end_beastmaster, layout_layer_cave
Orc:1:    layout_diamond_mine, hellmonk_bongcloud_opening
Orc:2:    st_orc_open, layout_diamond_mine, serial_shops, nicolae_shop_trees,
          gauntlet_entry_generic
Gauntlet: gammafunk_gauntlet_shortcut [nicolae_gauntlet_arena_flowing_pool,
          nicolae_gauntlet_arena_t_cross, gammafunk_gauntlet_arena_split_x,
          nicolae_gauntlet_arena_quarters, gammafunk_gauntlet_arena_teeth,
          minmay_gauntlet_arena_make_your_own_arena,
          dreamdust_gauntlet_exit_labyrinth]

Skill      XL: |  1  2  3  4  5  6  7  8  9 10 11 12 13 14 |
---------------+-------------------------------------------+-----
Dodging        | 3 4 7 8 9 12 14 16 | 16.8
Spellcasting   | 3 6 10 | 10.0
Short Blades   | 2 3 4 5 6 8 10 | 10.0
Stealth        | 5 6 7 9 10 | 10.0
Hexes          | 4 5 6 9 12 | 12.0
Evocations     | 2 4 7 8 9 11 | 11.1
Fighting       | 3 5 7 8 9 11 | 11.0
Translocations | 2 4 |  4.1
Earth Magic    | 1 |  1.6
Transmutations | 2 3 |  3.5
Air Magic      | 1 |  1.5
Conjurations   | 1 |  1.2
Summonings     | 1 |  1.3
Poison Magic   | 1 |  1.4
Invocations    | 1 |  1.4
Necromancy     | 1 |  1.2
Staves         | 1 |  1.1
Fire Magic     | 1 |  1.1
Shields        | 1 |  1.1

Action                   |  1- 3 |  4- 6 |  7- 9 | 10-12 | 13-15 || total
-------------------------+-------+-------+-------+-------+-------++-------
Melee: Dagger            |    73 |    76 |   171 |   262 |   814 ||  1396
       Unarmed           |     7 |       |       |       |       ||     7
       Short sword       |       |       |    31 |    12 |   153 ||   196
       Punch             |       |       |     3 |       |     2 ||     5
 Cast: Ensorcelled Hiber |    18 |     6 |    52 |   103 |   163 ||   342
       Tukima's Dance    |       |     1 |     4 |       |    13 ||    18
       Confusing Touch   |       |     1 |     7 |    10 |    52 ||    70
Evoke: Wand              |       |       |     1 |       |     6 ||     7
  Use: Potion            |       |       |     2 |     1 |     5 ||     8
       Scroll            |       |       |     1 |    18 |    10 ||    29
 Stab: Sleeping          |    11 |    18 |    41 |    98 |   143 ||   311
       Distracted        |     2 |     1 |     1 |     4 |     8 ||    16
       Confused          |       |     1 |     5 |    12 |    65 ||    83
       Petrified         |       |       |       |       |     2 ||     2
       Invisible         |       |       |       |       |     1 ||     1
Armor: Robe              |     7 |    11 |    44 |    56 |    67 ||   185
Dodge: Dodged            |    52 |    33 |   174 |   247 |   577 ||  1083
Block: Orb               |       |       |       |       |    64 ||    64
       Other             |       |       |       |       |     3 ||     3
       Reflection        |       |       |       |       |     1 ||     1
